 Dungeon Crawl Stone Soup version 0.30-a0-458-g86641cc369 (webtiles) character file.

Game seed: 1856571946705994498

15681 Prqq the Severer (level 12, -19/94 HPs)
             Began as a Meteoran Fighter on Dec 14, 2022.
             Was a High Priest of Makhleb.
             Killed from afar by a balrug (46 damage)
             ... with a bolt of fire
             ... summoned by the player character
             ... in an ice cave.
             The game lasted 00:42:12 (6041 turns).

Prqq the Severer (Meteoran Fighter)                 Turns: 6041, Time: 00:42:13

Health: -19/94     AC: 14    Str: 24    XL:     12   Next: 97%
Magic:  15/15      EV: 12    Int: 14    God:    Makhleb [*****.]
Gold:   484        SH:  6    Dex: 13    Spells: 11/11 levels left

rFire   x x .      SeeInvis .    H - +0 war axe (elec)
rCold   + + .      Faith    +    c - +0 buckler
rNeg    . . .      Spirit   .    y - +1 scale mail of Riliw {Harm Int+4}
rPois   .          Reflect  .    (no helmet)
rElec   .          Harm     +    X - +0 cloak
rCorr   .          Rampage  .    g - +1 pair of gloves
Will    +....                    C - +0 pair of boots
Stlth   ..........               N - amulet of faith
HPRegen 0.35/turn                k - ring of ice
MPRegen 0.14/turn                Z - ring of ice

@: glowing, bezotted
A: sense surroundings 2, otherworldly, glowing, explore regen, frail 1
a: Renounce Religion, Minor Destruction, Lesser Servant of Makhleb, Major
Destruction, Greater Servant of Makhleb


You were in an ice cave.
You worshipped Makhleb.
Makhleb was extremely pleased with you.
You visited 2 branches of the dungeon, and saw 13 of its levels.
You also visited: Sewer and Ice Cave.

You collected 484 gold pieces.

Inventory:

Hand Weapons
 H - a +0 war axe of electrocution (weapon)
 Q - the +5 arbalest of Joal {drain, Will+ Str+2}
   (You found it on level 10 of the Dungeon)

   A truly terrible weapon, it drains the life of any living foe it strikes.
   Str:       It affects your strength (+2).
   Will:      It increases your willpower.
 Y - a +2 morningstar
Missiles
 b - a throwing net
 s - 5 boomerangs (quivered)
 I - 13 poisoned darts
Armour
 c - a +0 buckler (worn)
 g - a +1 pair of gloves (worn)
 y - the +1 scale mail of Riliw (worn) {Harm Int+4}
   (You found it on level 4 of the Dungeon)

   Int:       It affects your intelligence (+4).
   Harm:      It increases damage dealt and taken.
 C - a +0 pair of boots (worn)
 X - a +0 cloak (worn)
Magical Staves
 v - a staff of earth
 R - a staff of fire
 T - a staff of air
Jewellery
 a - an amulet of magic regeneration
 f - a ring of willpower
 h - a +4 ring of evasion
 k - a ring of ice (left hand)
 r - a +4 ring of protection
 x - a ring of magical power
 B - a ring of wizardry
 G - a ring of positive energy
 N - an amulet of faith (around neck)
 O - a +6 ring of strength
 Z - a ring of ice (right hand)
Wands
 P - a wand of digging (7)
 V - a wand of flame (12)
 W - a wand of iceblast (3)
Scrolls
 e - 2 scrolls of vulnerability {unknown}
 i - 2 scrolls of silence
 j - 4 scrolls of blinking {unknown}
 l - 2 scrolls of torment
 p - 3 scrolls of fear
 u - 2 scrolls of enchant weapon
 w - a scroll of poison
 A - 2 scrolls of fog
 D - a scroll of enchant armour
 E - a scroll of immolation
 S - 2 scrolls of teleportation
 U - a scroll of butterflies
Potions
 d - 3 potions of might
 m - 4 potions of flight {unknown}
 n - 6 potions of magic {unknown}
 o - 2 potions of heal wounds {unknown}
 q - 2 potions of brilliance {unknown}
 t - 5 potions of curing {unknown}
 z - a potion of ambrosia {unknown}
 F - 2 potions of haste {unknown}
 J - 2 potions of mutation {unknown}
 K - a potion of degeneration {unknown}
 M - a potion of invisibility {unknown}


   Skills:
 + Level 9.5 Fighting
 + Level 17.1 Axes
 + Level 9.4 Armour
 + Level 5.9 Dodging
 + Level 7.2 Shields
 * Level 3.2 Invocations


You had 11 spell levels left.
You didn't know any spells.
Your spell library contained the following spells:

 Spells                   Type           Power      Damage    Failure   Level
 Necrotise                Necr           0%         1d4       61%         1
 Slow                     Hex            0%         N/A       61%         1
 Confusing Touch          Hex            0%         N/A       93%         3
 Hailstorm                Conj/Ice       0%         3d3       93%         3
 Vampiric Draining        Necr           0%         2d6       93%         3
 Ice Form                 Ice/Tmut       0%         N/A       100%        4
 Olgreb's Toxic Radiance  Pois           0%         N/A       100%        4
 Agony                    Necr           0%         N/A       100%        5
 Simulacrum               Ice/Necr       0%         N/A       100%        6
 Ozocubu's Refrigeration  Ice            0%         4d7       100%        7
 Ignition                 Fire           0%         3d3       100%        8


Dungeon Overview and Level Annotations

Branches:
Dungeon (12/15) Zot: 2530    Lair (1/5) D:8 Zot: 134   Sewer (visited)
  IceCv (1/1) Zot: 17
 Temple: D:4-7          Orc: D:9-12

Altars:
Elyvilon
Makhleb
Trog
Vehumet
Wu Jian
Yredelemnul

Annotations:
D:3 1 runed translucent door, bosakos's ghost, amateur DEEE


Innate Abilities, Weirdness & Mutations

You passively map the area around you.
You are easily found by Zot.
You glow in the dark.
You regain HP and MP as you explore.
You are frail. (-10% HP)


Message History

The freezing wraith is heavily damaged.
The freezing wraith hits you but does no damage.
The freezing wraith misses you.
You hit the freezing wraith but do no damage.
Lightning courses through the freezing wraith!
The freezing wraith is almost destroyed.
The freezing wraith misses you. The freezing wraith barely misses you.
You hit the freezing wraith.
You destroy the freezing wraith!
Makhleb accepts your kill.
You feel better.
Really rest while Zot is near?
You start waiting.
You feel yourself speed up.
There is an open door, spattered with blood here.
There is an open door here.
Zot draws nearer.
Dive deeper or flee this branch before you suffer!
You see here a +1 leather armour of resistance.
There is an open door here.
There is an open door, spattered with blood here.
You open the door.
There is an open door here.
You open the door.
Found a ring of ice and a pair of boots.
A reaper comes into view. It is wielding a +0 scythe of freezing.
Found three items.
The reaper hits you from afar with a +0 scythe of freezing.
There is an open door here.
A demon appears!
It doesn't seem very happy.
The reaper hits you from afar with a +0 scythe of freezing!!
The reaper freezes you.
Okay, then.
A demon appears!
It doesn't seem very happy.
The reaper hits you from afar with a +0 scythe of freezing!
* * * LOW HITPOINT WARNING * * *
The balrug gestures at you. The bolt of fire hits you!!!
The fire burns you terribly!
You die...

####'#####.# .#.#.#
#.##
'#'#.#+#+#.8######
.........#.......#
.8.8.8.8.#.#####.#
.........#.#[?2#.##
.........+.#.⌠22.⌠#
.........#.#[.=#.##
.8.8.8.8.#.#####@#
.........# ......#
+#+#.#'#+# 8######
*,*.#.# '# # *, ,
.. + * *


You could see a cacodemon (summoned) and a balrug (summoned).

Vanquished Creatures
  2 two-headed ogres
  2 ice statues (IceCv)
  2 cane toads (Lair:1)
  An unseen horror (D:11)
  3 kobold demonologists (D:11)
  A freezing wraith (IceCv)
  An anaconda simulacrum (IceCv)
  6 ice devils (IceCv)
  A komodo dragon (Lair:1)
  4 trolls
  Prince Ribbit (D:6)
  A shadow (D:11)
  6 yaks
  3 wyverns
  3 basilisks (Lair:1)
  4 vampire mosquitoes (D:11)
  A warg (D:10)
  2 acid dragons
  2 harpy simulacra (IceCv)
  Menkaure (D:6)
  A hydra simulacrum (IceCv)
  Duvessa (D:4)
  2 ice beasts (D:7)
  A sky beast (D:7)
  4 orc warriors
  3 black bears
  The ghost of crabbyslav the Grasshopper, an amateur AtWr (D:4)
  3 ogres
  A centaur (D:10)
  3 kobold brigands
  5 bullfrogs
  3 gnoll sergeants (D:7)
  A scorpion (D:6)
  A cane toad simulacrum (IceCv)
  5 wights (D:9)
  Dowan (D:4)
  11 killer bees
  An elephant simulacrum (IceCv)
  2 howler monkeys (D:9)
  4 jellies
  9 orc priests
  4 hounds
  3 iguanas
  8 orc wizards
  A polar bear simulacrum (IceCv)
  16 gnolls
  A naga simulacrum (IceCv)
  10 adders
  5 river rats
  15 white imps
  An ufetubus (D:6)
  2 worms
  A dart slug (D:3)
  38 orcs
  8 ball pythons
  2 bats
  4 endoplasms
  4 giant cockroaches
  4 hobgoblins
  3 jackals (Sewer)
  4 quokkas
  4 frilled lizards
  8 goblins
  9 kobolds
  7 rats
272 creatures vanquished.

Vanquished Creatures (collateral kills)
  Fannar (Lair:1)
  A cane toad (Lair:1)
  A komodo dragon (Lair:1)
  A yak (D:10)
4 creatures vanquished.

Vanquished Creatures (others)
  2 fungi
  10 plants
12 creatures vanquished.

Grand Total: 288 creatures vanquished

Notes
Turn   | Place    | Note
-------+----------+-------------------------------------------
     0 | D:1      | Prqq the Meteoran Fighter began the quest for the Orb.
     0 | D:1      | Reached XP level 1. HP: 19/19 MP: 2/2
   166 | D:2      | Reached XP level 2. HP: 11/26 MP: 3/3
   300 | D:1      | Reached XP level 3. HP: 31/31 MP: 4/4
   552 | D:2      | Reached skill level 3 in Axes
   574 | D:2      | Reached XP level 4. HP: 36/40 MP: 5/5
   583 | D:3      | Found a runed translucent door.
   583 | D:3      | Noticed bosakos's ghost (amateur DEEE)
   649 | D:3      | Reached XP level 5. HP: 32/46 MP: 6/6
   667 | D:4      | Reached skill level 4 in Axes
   720 | D:5      | Entered Level 5 of the Dungeon
   735 | D:3      | Found a burning altar of Makhleb.
   744 | D:3      | Became a worshipper of Makhleb the Destroyer
   816 | D:4      | Noticed a black bear
   838 | D:3      | Reached XP level 6. HP: 41/52 MP: 7/7
   877 | D:3      | Reached skill level 5 in Axes
   877 | D:3      | Reached skill level 1 in Dodging
   889 | D:3      | Found an ornate altar of the Wu Jian Council.
   951 | D:3      | Found a white marble altar of Elyvilon.
  1324 | D:4      | Noticed an ogre
  1336 | D:4      | Killed an ogre
  1337 | D:4      | Reached skill level 6 in Axes
  1337 | D:4      | Reached XP level 7. HP: 35/60 MP: 8/8
  1358 | D:4      | Identified the +1 scale mail of Riliw {Harm Int+4}
  1432 | D:4      | Noticed crabbyslav's ghost (amateur AtWr)
  1434 | D:4      | Found a runed translucent door.
  1444 | D:4      | Killed crabbyslav's ghost
  1445 | D:4      | Reached skill level 7 in Axes
  1464 | D:4      | Noticed Dowan
  1465 | D:4      | Noticed Duvessa
  1480 | D:4      | Killed Dowan
  1481 | D:4      | Reached skill level 5 in Armour
  1481 | D:4      | Reached XP level 8. HP: 60/67 MP: 9/9
  1495 | D:4      | Killed Duvessa
  1583 | D:4      | Reached * piety under Makhleb
  1616 | D:4      | Reached skill level 8 in Axes
  1943 | D:6      | Reached skill level 9 in Axes
  1969 | D:6      | Noticed Menkaure
  1972 | D:6      | Killed Menkaure
  1973 | D:6      | Reached skill level 5 in Shields
  1973 | D:6      | Gained mutation: You passively map the area around you.
                  | [Meteoran growth]
  1973 | D:6      | Reached XP level 9. HP: 64/73 MP: 10/10
  1996 | D:6      | Reached skill level 5 in Fighting
  2048 | D:6      | Reached skill level 10 in Axes
  2088 | D:6      | Noticed Prince Ribbit
  2104 | D:6      | Killed Prince Ribbit
  2116 | D:6      | Reached ** piety under Makhleb
  2512 | D:6      | Found a glowing drain.
  2519 | Sewer    | Entered a sewer
  2526 | Sewer    | Reached skill level 11 in Axes
  2938 | D:7      | Reached *** piety under Makhleb
  2947 | D:7      | Reached XP level 10. HP: 69/83 MP: 11/11
  2963 | D:7      | Reached skill level 12 in Axes
  3084 | D:8      | Found a staircase to the Lair.
  3120 | D:8      | Reached **** piety under Makhleb
  3121 | D:8      | Reached skill level 13 in Axes
  3187 | D:8      | You fall into a shaft and drop 2 floors!
  3187 | D:10     | Entered Level 10 of the Dungeon
  3193 | D:10     | Identified the +5 arbalest of Joal {drain, Will+ Str+2}
  3292 | D:9      | Noticed a two-headed ogre
  3297 | D:9      | Killed a two-headed ogre
  3414 | D:10     | Found a bloodstained altar of Trog.
  3427 | D:10     | Found a radiant altar of Vehumet.
  3464 | D:10     | Reached skill level 14 in Axes
  3464 | D:10     | Reached XP level 11. HP: 47/91 MP: 12/12
  3963 | D:11     | Gained mutation: You are frail. (-10% HP) [a neqoxec]
  3971 | D:11     | Reached skill level 15 in Axes
  4103 | D:11     | Reached ***** piety under Makhleb
  4224 | D:11     | Noticed a two-headed ogre
  4233 | D:11     | Killed a two-headed ogre
  4364 | D:9      | Found a basalt altar of Yredelemnul.
  4413 | D:9      | Reached skill level 16 in Axes
  4413 | D:9      | Reached XP level 12. HP: 90/90 MP: 13/13
  4957 | Lair:1   | Entered Level 1 of the Lair of Beasts
  4986 | Lair:1   | Noticed Fannar
  5012 | Lair:1   | Reached skill level 5 in Dodging
  5039 | Lair:1   | Killed Fannar
  5419 | Lair:1   | Found a frozen archway.
  5441 | IceCv    | Entered an ice cave
  5480 | IceCv    | Reached skill level 1 in Invocations
  5605 | IceCv    | Reached skill level 17 in Axes
  5960 | IceCv    | Glimpsed the power of Zot.
  6009 | IceCv    | Glimpsed the power of Zot.
  6037 | IceCv    | Noticed a reaper
  6039 | IceCv    | Noticed a cacodemon
  6040 | IceCv    | Noticed a balrug
  6041 | IceCv    | Killed from afar by a balrug

Illustrated notes

Levels and vault maps discovered:
D:1:      wander_arrival_chamber, layout_loops_ring, minmay_fountain_box
D:2:      layout_basic, basic_ecumenical_altar, uniq_robin
D:3:      cheibrodos_helix_gallery, layout_basic, old_standard_altar,
          mainiacjoe_overflow_catch_the_wave, hellmonk_ghost_happy_afterlife
D:4:      layout_basic, minmay_temple_entry_poolview, gammafunk_ghost_grave,
          minmay_misc_feat_tower, kennysheep_generic_room_14, uniq_duvessa
D:5:      layout_loops_corners, mainiacjoe_overflow_large_starburst,
          serial_glass, glass_columns_a, glass_columns_a, glass_columns_b
D:6:      layout_basic, portal_sewer_entry_e, uniq_prince_ribbit1, uniq_menkaure
D:7:      layout_cave_pools, enter_bailey_3, minmay_joined_circles
D:8:      layout_loops_ring, david_lair_generic, nicolae_ossuary_entry_ruins
D:9:      layout_gridville, yredelemnul_altar_generic, kennysheep_generic_room_4
D:10:     layout_basic, kennysheep_mini_moat, lemuel_doored_altar, erik_orc_4,
          nrook_mini_vaults, chequers_serial_rivers_micro_a
D:11:     layout_roguey
D:12:     layout_cave_pools, reono_crystal_passage, uniq_lodul
Lair:1:   beast_lair_carwin_large_2, layout_cave_pods,
          portal_ice_cave_entry_imps, uniq_fannar
IceCv:    ice_cave_tombish

Skill      XL: |  1  2  3  4  5  6  7  8  9 10 11 12 |
---------------+-------------------------------------+-----
Axes           | 3 4 6 7 9 11 14 16 17 | 17.1
Armour         | 4 5 6 7 8 9 |  9.4
Shields        | 4 5 6 7 |  7.2
Fighting       | 4 5 6 8 9 |  9.5
Dodging        | 1 2 3 4 5 |  5.9
Invocations    | 3 |  3.2

Action                   |  1- 3 |  4- 6 |  7- 9 | 10-12 || total
-------------------------+-------+-------+-------+-------++-------
Melee: War axe           |    36 |   119 |   233 |   430 ||   818
Throw: Boomerang         |       |     1 |       |       ||     1
Invok: Lesser Servant of |       |       |       |     2 ||     2
       Greater Servant o |       |       |       |     2 ||     2
  Use: Scroll            |       |       |     1 |    10 ||    11
Armor: Scale mail        |    21 |    59 |   122 |   192 ||   394
Dodge: Dodged            |    18 |    73 |   126 |   208 ||   425
Block: Buckler           |    10 |    35 |    68 |    92 ||   205

Table legend: (Time is in decaauts)
 A = Elapsed time spent in this place.
 B = Non-inter-level travel time spent in this place.
 C = Inter-level travel time spent in this place.
 D = Time resting spent in this place.
 E = Time spent auto-exploring this place.
 F = Levels seen in this place.
 G = Mean time per level.
                   A        B        C        D        E       F      G
               +--------+--------+--------+--------+--------+-----+--------+
         Total |   6110 |   5842 |    268 |    474 |    196 |  15 |  407.3 |
       Dungeon |   4669 |   4475 |    194 |    100 |     30 |  12 |  389.1 |
          Lair |    465 |    391 |     74 |      0 |      0 |   1 |  465.0 |
         Sewer |    393 |    393 |      0 |      0 |    166 |   1 |  393.0 |
      Ice Cave |    581 |    581 |      0 |    374 |      0 |   1 |  581.0 |
               +--------+--------+--------+--------+--------+-----+--------+

Top non-repeatable levels by time:
     D:6: 627 daAuts
     D:2: 604 daAuts
     D:4: 583 daAuts
   IceCv: 581 daAuts
    D:10: 492 daAuts
    D:11: 474 daAuts
  Lair:1: 465 daAuts
     D:8: 441 daAuts
     D:9: 432 daAuts
     D:3: 419 daAuts
   Sewer: 393 daAuts
     D:7: 258 daAuts
     D:1: 193 daAuts
     D:5: 141 daAuts
    D:12: 1 daAuts
